 Dungeon Crawl Stone Soup version 0.25.1-2-g60ff931df9 (webtiles) character file.

Game seed: 5118853126384656369

58 DearestLeader the Digger (level 4, -1/24 HPs)
             Began as a Gargoyle Earth Elementalist on Nov 3, 2020.
             Slain by a leopard gecko (3 damage)
             ... on level 2 of the Dungeon.
             The game lasted 00:03:39 (1605 turns).

DearestLeader the Digger (GrEE)                     Turns: 1605, Time: 00:03:39

Health: -1/24      AC:  7    Str: 11    XL:     4   Next: 2%
Magic:  3/7        EV: 12    Int: 17    God:
Gold:   124        SH:  0    Dex: 10    Spells: 1/7 levels left

rFire    . . .     SeeInvis .   l - +0 dagger
rCold    . . .     Gourm    .   (no shield)
rNeg     + . .     Faith    .   c - +0 robe
rPois    ∞         Spirit   .   (no helmet)
rElec    +         Reflect  .   e - +0 cloak
rCorr    .         Harm     .   (no gloves)
MR       .....                  n - +0 pair of boots
Stlth    ++........             (no amulet)
HPRegen  0.08/turn              (no ring)
MPRegen  0.10/turn              (no ring)

@: no status effects
A: negative energy resistance 1, electricity resistance, unbreathing,
petrification resistance, rot immunity, AC +3
a: no special abilities


You were on level 2 of the Dungeon.
You were not hungry.

You visited 1 branch of the dungeon, and saw 2 of its levels.

You collected 124 gold pieces.

Inventory:

Hand Weapons
 l - a +0 dagger (weapon)
Missiles
 b - 33 stones (quivered)
Armour
 c - a +0 robe (worn)
 e - a +0 cloak (worn)
 n - a +0 pair of boots (worn)
Scrolls
 a - a scroll of magic mapping {unknown}
 g - a scroll of remove curse {unknown}
 j - a scroll of identify {unknown}
 m - a scroll of teleportation {unknown}
Potions
 h - a potion of ambrosia {unknown}
 i - a potion of degeneration {unknown}
 k - a potion of haste {unknown}
Comestibles
 d - 3 rations


   Skills:
 - Level 1.5 Dodging
 - Level 2.1 Stealth
 - Level 2.0 Spellcasting
 - Level 0.7 Transmutations
 * Level 5.8 Earth Magic


You had one spell level left.
You knew the following spells:

 Your Spells              Type           Power        Failure   Level  Hunger
a - Sandblast             Erth           ###...       1%          1    #......
b - Passwall              Tmut/Erth      ##......     8%          2    ###....
c - Stone Arrow           Conj/Erth      ##....       19%         3    ###....

Your spell library contained the following spells:

 Spells                   Type           Power        Failure   Level  Hunger
 Petrify                  Tmut/Erth      ##......     45%         4    #####..
 Lee's Rapid Deconstruct  Erth           ###.......   45%         5    ######.


Dungeon Overview and Level Annotations

Branches:
Dungeon (2/15)

Altars:

Annotations:
D:2 Terence


Innate Abilities, Weirdness & Mutations

You are resistant to torment.
Your stone body is resilient. (AC +3)
You are immune to poison.
You resist negative energy. (rN+)
You are resistant to electric shocks. (rElec)
You can survive without breathing.
You are immune to petrification.
You are immune to rotting.


Message History

Terence hits you with a +0 hand axe.
* * * LOW HITPOINT WARNING * * *
The ball python barely misses you.
* * * LOW HITPOINT WARNING * * *
The ball python constricts you.
You escape the ball python's grasp.
The bat hits you but does no damage. The leopard gecko closely misses you.
The bat barely misses you.
The bat barely misses you. x2; The leopard gecko closely misses you.
The bat closely misses you. The bat closely misses you.
The bat closely misses you. The leopard gecko misses you.
The bat hits you but does no damage.
You barely miss the bat. The bat barely misses you.
The leopard gecko bites you.
* * * LOW HITPOINT WARNING * * *
The bat hits you but does no damage. Terence barely misses you.
You barely miss the bat. The bat closely misses you.
The leopard gecko bites you.
You die...

#.##......... #..
#.###........ #.. ########.#
#.##.######### #..
#......#.# #.##.# #....# #..
#......# #..#.# #....# #..
#.#.#######.#.# #....# #[.
#.........S.# #....# #..
#........#@l####....#######.
#........#.@##.'..........'.
#.#......#..##.#........###.
..........##b.).#........#
#.
#.###......##....##########
#. #. #......##....# #. #
#......##....# #.
#......##....# #.
#......#####.# ## #.#


You could see Terence, a leopard gecko, a bat and a ball python.

Vanquished Creatures
  2 adders (D:2)
  An ooze (D:1)
  A worm (D:2)
  A dart slug (D:1)
  A leopard gecko (D:1)
  5 bats
  3 giant cockroaches
  2 goblins (D:1)
  3 hobgoblins (D:1)
  5 kobolds
  2 ball pythons (D:1)
  A frilled lizard (D:1)
  3 rats (D:1)
30 creatures vanquished.

Notes
Turn   | Place    | Note
-------+----------+-------------------------------------------
     0 | D:1      | DearestLeader the Gargoyle Earth Elementalist began the
                  | quest for the Orb.
     0 | D:1      | Reached XP level 1. HP: 10/10 MP: 3/3
    21 | D:1      | Reached skill level 4 in Earth Magic
    72 | D:1      | Reached XP level 2. HP: 9/15 MP: 1/5
   748 | D:1      | Reached skill level 5 in Earth Magic
   748 | D:1      | Reached XP level 3. HP: 19/19 MP: 6/6
   766 | D:1      | Learned a level 2 spell: Passwall
   770 | D:1      | Learned a level 3 spell: Stone Arrow
  1483 | D:2      | Reached XP level 4. HP: 24/24 MP: 3/7
  1522 | D:2      | Noticed Terence
  1605 | D:2      | Slain by a leopard gecko

Illustrated notes

Levels and vault maps discovered:
D:1:      mrwooster_arrival_statue_2, layout_basic, st_stairs_14
D:2:      layout_basic, uniq_terence, uniq_natasha

Skill      XL: |  1  2 |
---------------+-------+-----
Earth Magic    | 4 5 |  5.8
Dodging        | |  1.5
Stealth        | |  2.1
Spellcasting   | |  2.0
Transmutations | |  0.7

Action                   |  1- 3 |  4- 6 || total
-------------------------+-------+-------++-------
Melee: Unarmed           |   102 |       ||   102
       Dagger            |    22 |    17 ||    39
 Cast: Sandblast         |    24 |    12 ||    36
 Stab: Sleeping          |     1 |       ||     1
  Eat: Chunk             |     2 |     1 ||     3
Armor: Robe              |    81 |    11 ||    92
Dodge: Dodged            |   111 |    24 ||   135
